[Event "FICS rated lightning game"]
[Site "FICS freechess.org"]
[FICSGamesDBGameNo "20000545"]
[White "lpyats"]
[Black "passpawn"]
[WhiteElo "1894"]
[BlackElo "1902"]
[WhiteRD "na"]
[BlackRD "na"]
[TimeControl "60+0"]
[Date "1999.05.06"]
[Time "17:38:00"]
[WhiteClock "0:01:00.000"]
[BlackClock "0:01:00.000"]
[ECO "B01"]
[PlyCount "50"]
[Result "0-1"]

1. e4 d5 2. exd5 Qxd5 3. Nc3 Qa5 4. Nf3 Nf6 5. Be2 Bg4 6. O-O Nc6 7. Ne1 h5 8. Bxg4 hxg4 9. d3 O-O-O 10. Bf4 e5 11. Bg3 e4 12. Qe2 exd3 13. cxd3 Bd6 14. Ne4 Nxe4 15. dxe4 Bxg3 16. Qxg4+ Kb8 17. Qxg3 Nd4 18. Nf3 Ne2+ 19. Kh1 Nxg3+ 20. fxg3 f6 21. Rad1 Rxd1 22. Rxd1 Qxa2 23. Nh4 Qxb2 24. Ng6 Re8 25. Re1 Qf2 {White resigns} 0-1

[Event "FICS rated blitz game"]
[Site "FICS freechess.org"]
[FICSGamesDBGameNo "20000544"]
[White "lorecai"]
[Black "HitmanHaws"]
[WhiteElo "1256"]
[BlackElo "1144"]
[WhiteRD "na"]
[BlackRD "na"]
[TimeControl "120+12"]
[Date "1999.05.06"]
[Time "12:52:00"]
[WhiteClock "0:02:00.000"]
[BlackClock "0:02:00.000"]
[ECO "B06"]
[PlyCount "106"]
[Result "0-1"]

1. e4 g6 2. d4 Bg7 3. c3 Nc6 4. e5 d6 5. exd6 Qxd6 6. Bb5 a6 7. Ba4 b5 8. Bb3 Nf6 9. Qf3 O-O 10. Bf4 Qd7 11. Nh3 h6 12. O-O Qf5 13. Nd2 Ra7 14. Qxc6 Qg4 15. f3 Qh5 16. Be5 Bxh3 17. gxh3 Qg5+ 18. Bg3 Qxd2 19. Qc5 Qxb2 20. Qxa7 Qxc3 21. Rac1 Qd2 22. Rxc7 e6 23. Rxf7 Rxf7 24. Bxe6 Qe3+ 25. Bf2 Qxe6 26. Qa8+ Rf8 27. Qb7 Qxh3 28. Rc1 Nh5 29. Rc7 Qxf3 30. Qxf3 Rxf3 31. d5 Nf6 32. d6 Rd3 33. Bh4 g5 34. Bg3 Bf8 35. Rc8 Ne4 36. Re8 Nxd6 37. Bxd6 Rxd6 38. Ra8 Kg7 39. Kg2 Be7 40. Ra7 Kf6 41. Kf3 h5 42. Ke4 Bd8 43. Rh7 h4 44. Rh6+ Ke7 45. Rxd6 Kxd6 46. Kf5 Kc5 47. Ke4 Kc4 48. Ke5 Kc3 49. Kd5 a5 50. Kc5 b4 51. Kb5 b3 52. axb3 Kxb3 53. Kc5 a4 {White resigns} 0-1

[Event "FICS rated blitz game"]
[Site "FICS freechess.org"]
[FICSGamesDBGameNo "20000543"]
[White "Raskolnikov"]
[Black "razdan"]
[WhiteElo "1226"]
[BlackElo "1272"]
[WhiteRD "na"]
[BlackRD "na"]
[TimeControl "240+0"]
[Date "1999.05.06"]
[Time "10:56:00"]
[WhiteClock "0:04:00.000"]
[BlackClock "0:04:00.000"]
[ECO "C41"]
[PlyCount "63"]
[Result "1-0"]

1. e4 e5 2. Nf3 d6 3. Bc4 Nf6 4. d3 c6 5. Bg5 Be7 6. Nc3 h6 7. Bh4 b5 8. Bb3 b4 9. Ne2 d5 10. exd5 cxd5 11. Nxe5 Qd6 12. Bg3 Qe6 13. Nd4 Qb6 14. c3 Bd6 15. O-O Bxe5 16. Bxe5 bxc3 17. bxc3 O-O 18. Qf3 Nbd7 19. Bxf6 Nxf6 20. Bxd5 Rd8 21. Bc4 Bg4 22. Qg3 Qa5 23. Rfc1 Qg5 24. h3 Nh5 25. Qe3 Qxe3 26. fxe3 Be2 27. Kf2 Bxd3 28. Bxd3 Rd6 29. Be4 Rf6+ 30. Kg1 Ng3 31. Bxa8 Rd6 32. Rab1 {Black forfeits on time} 1-0

[Event "FICS rated blitz game"]
[Site "FICS freechess.org"]
[FICSGamesDBGameNo "20000542"]
[White "mattsson"]
[Black "littleking"]
[WhiteElo "1306"]
[BlackElo "1416"]
[WhiteRD "na"]
[BlackRD "na"]
[TimeControl "300+12"]
[Date "1999.05.06"]
[Time "09:30:00"]
[WhiteClock "0:05:00.000"]
[BlackClock "0:05:00.000"]
[ECO "A38"]
[PlyCount "72"]
[Result "0-1"]

1. Nf3 c5 2. g3 Nf6 3. c4 Nc6 4. Nc3 g6 5. Bg2 Bg7 6. O-O O-O 7. d3 d5 8. cxd5 Nxd5 9. Nxd5 Qxd5 10. Nd2 Qd6 11. Nc4 Qc7 12. Rb1 b5 13. Nd2 Bb7 14. Ne4 Ne5 15. Bf4 Qc6 16. f3 Rad8 17. b3 Qb6 18. Kh1 Nc6 19. Be3 Nd4 20. Rc1 Rc8 21. Bxd4 cxd4 22. Qd2 a5 23. Rc2 Rxc2 24. Qxc2 Rc8 25. Qd2 Bxe4 26. fxe4 Qc5 27. Qf4 Rf8 28. Rc1 Qa3 29. Rc2 e5 30. Qg4 a4 31. bxa4 Qxa4 32. Rc1 Qxa2 33. Qd7 Qxe2 34. Qxb5 Ra8 35. Bh3 Ra2 36. Qe8+ Bf8 {White forfeits on time} 0-1

[Event "FICS rated blitz game"]
[Site "FICS freechess.org"]
[FICSGamesDBGameNo "20000541"]
[White "anlar"]
[Black "Barrayar"]
[WhiteElo "1612"]
[BlackElo "1800"]
[WhiteRD "na"]
[BlackRD "na"]
[TimeControl "180+0"]
[Date "1999.05.06"]
[Time "08:37:00"]
[WhiteClock "0:03:00.000"]
[BlackClock "0:03:00.000"]
[ECO "A00"]
[PlyCount "49"]
[Result "1-0"]

1. b4 e5 2. Bb2 d6 3. e3 f5 4. Nf3 Nf6 5. Be2 Be7 6. O-O O-O 7. c4 c6 8. d4 e4 9. Nfd2 Na6 10. b5 cxb5 11. cxb5 Nc7 12. a4 b6 13. Ba3 Bb7 14. Nc4 Ncd5 15. Qc2 Rc8 16. Qb3 Kh8 17. Nc3 Nxc3 18. Qxc3 d5 19. Bxe7 Qxe7 20. Qa3 dxc4 21. Qxe7 Bd5 22. Rac1 c3 23. Rc2 Rf7 24. Qb4 Rfc7 25. Rfc1 {Black resigns} 1-0

[Event "FICS rated blitz game"]
[Site "FICS freechess.org"]
[FICSGamesDBGameNo "20000540"]
[White "kemar"]
[Black "silly"]
[WhiteElo "1732"]
[BlackElo "1620"]
[WhiteRD "na"]
[BlackRD "na"]
[TimeControl "120+12"]
[Date "1999.05.06"]
[Time "00:11:00"]
[WhiteClock "0:02:00.000"]
[BlackClock "0:02:00.000"]
[ECO "A00"]
[PlyCount "69"]
[Result "1-0"]

1. b4 Nf6 2. Bb2 g6 3. Nf3 Bg7 4. e3 O-O 5. Be2 d5 6. O-O c5 7. bxc5 b6 8. cxb6 Bb7 9. bxa7 Rxa7 10. Bd4 Ra8 11. c4 Nc6 12. cxd5 Nxd4 13. Nxd4 Bxd5 14. Nc3 Bb7 15. Bf3 Bxf3 16. Qxf3 e5 17. Nb3 e4 18. Qe2 Qd7 19. Nc5 Qc6 20. Nb3 Rfd8 21. Rfc1 Qd7 22. Nd4 Ng4 23. Nxe4 h5 24. h3 Nh6 25. Rc4 Nf5 26. Rac1 Nxd4 27. exd4 Bxd4 28. R1c2 Re8 29. Qd3 Bxf2+ 30. Nxf2 Re1+ 31. Kh2 Qe7 32. Re4 Qf6 33. Rxe1 Qxf2 34. Qe4 Ra3 35. Re3 {Black resigns} 1-0

[Event "FICS rated blitz game"]
[Site "FICS freechess.org"]
[FICSGamesDBGameNo "20000539"]
[White "MercurySun"]
[Black "kitaro"]
[WhiteElo "1771"]
[BlackElo "1825"]
[WhiteRD "na"]
[BlackRD "na"]
[TimeControl "180+0"]
[Date "1999.05.05"]
[Time "23:48:00"]
[WhiteClock "0:03:00.000"]
[BlackClock "0:03:00.000"]
[ECO "B40"]
[PlyCount "79"]
[Result "1-0"]

1. e4 c5 2. Nf3 e6 3. d3 Nc6 4. Nbd2 g6 5. g3 Bg7 6. Bg2 d6 7. O-O Nge7 8. Re1 O-O 9. c3 d5 10. a4 dxe4 11. dxe4 Ne5 12. Nxe5 Bxe5 13. f4 Bg7 14. Nc4 Bd7 15. Be3 b6 16. e5 Bc6 17. Nd6 Bxg2 18. Kxg2 Nd5 19. Bf2 f6 20. exf6 Bxf6 21. Rxe6 Nc7 22. Re1 Bg7 23. Qb3+ Kh8 24. Rad1 Qf6 25. Kg1 Bh6 26. Ne4 Qf7 27. Qxf7 Rxf7 28. Nd6 Rff8 29. Re7 Ne8 30. Nf7+ Kg7 31. Ng5+ Kf6 32. Re6+ Kg7 33. Rd7+ Kh8 34. Nf7+ Kg7 35. Ng5+ Kg8 36. Nxh7 Rf7 37. Rxg6+ Kxh7 38. Rxh6+ Kxh6 39. Rxf7 Nd6 40. Rf6+ {Black resigns} 1-0

[Event "FICS rated lightning game"]
[Site "FICS freechess.org"]
[FICSGamesDBGameNo "20000537"]
[White "giblet"]
[Black "Turkishmaster"]
[WhiteElo "1712"]
[BlackElo "1722"]
[WhiteRD "na"]
[BlackRD "na"]
[TimeControl "0+1"]
[Date "1999.05.05"]
[Time "14:49:00"]
[WhiteClock "0:10.000"]
[BlackClock "0:10.000"]
[ECO "A13"]
[PlyCount "55"]
[Result "1-0"]

1. c4 e6 2. Nc3 g6 3. d4 Bg7 4. e4 Ne7 5. h4 d5 6. e5 c5 7. dxc5 Nbc6 8. Bg5 O-O 9. cxd5 Nxd5 10. Bxd8 Nxd8 11. Nxd5 exd5 12. Qxd5 Be6 13. Qd2 Nc6 14. Nf3 Rad8 15. Qc3 Rd5 16. Bc4 Rxc5 17. b3 Rc8 18. Qe3 Rxe5 19. Nxe5 Nxe5 20. Bxe6 fxe6 21. O-O Kf7 22. Rac1 Bf6 23. Rfd1 Nf3+ 24. Qxf3 Rxc1 25. Rxc1 Kg7 26. Rc7+ Kh6 27. Qxf6 Kh5 28. Qg5# {Black checkmated} 1-0

[Event "FICS rated lightning game"]
[Site "FICS freechess.org"]
[FICSGamesDBGameNo "20000536"]
[White "struppi(FM)"]
[Black "Lomboc"]
[WhiteElo "2210"]
[BlackElo "2076"]
[WhiteRD "na"]
[BlackRD "na"]
[TimeControl "60+0"]
[Date "1999.05.05"]
[Time "13:30:00"]
[WhiteClock "0:01:00.000"]
[BlackClock "0:01:00.000"]
[ECO "C00"]
[PlyCount "86"]
[Result "1-0"]

1. e4 e6 2. Nf3 c5 3. e5 d5 4. Bb5+ Nc6 5. Bxc6+ bxc6 6. O-O Ne7 7. d3 Ng6 8. Re1 Be7 9. b3 d4 10. Nbd2 O-O 11. Ba3 Ba6 12. Ne4 Qc7 13. Ned2 Rad8 14. Qe2 Rd7 15. Qe4 Rfd8 16. Re2 Qb7 17. Rae1 Qb5 18. Bc1 Qa5 19. a4 Qc7 20. Ba3 Bb7 21. h4 Qb6 22. h5 Nf8 23. Nc4 Qc7 24. Qg4 h6 25. Re4 Nh7 26. Kh2 Ng5 27. Nxg5 Bxg5 28. f4 Be7 29. Qf3 Re8 30. g4 f6 31. exf6 Bxf6 32. Rxe6 Rxe6 33. Rxe6 Re7 34. Qe4 Rxe6 35. Qxe6+ Kh8 36. Kg3 Bg5 37. Qe8+ Kh7 38. Qg6+ Kg8 39. Qe6+ Kf8 40. Qf5+ Kg8 41. Bxc5 Bc8 42. Qf8+ Kh7 43. Bd6 Bxf4+ {Black forfeits on time} 1-0

[Event "FICS rated blitz game"]
[Site "FICS freechess.org"]
[FICSGamesDBGameNo "20000535"]
[White "Bemused"]
[Black "rosinante"]
[WhiteElo "1796"]
[BlackElo "1851"]
[WhiteRD "na"]
[BlackRD "na"]
[TimeControl "180+3"]
[Date "1999.05.05"]
[Time "12:06:00"]
[WhiteClock "0:03:00.000"]
[BlackClock "0:03:00.000"]
[ECO "A02"]
[PlyCount "26"]
[Result "0-1"]

1. f4 Nf6 2. Nf3 g6 3. b4 Bg7 4. Bb2 O-O 5. e4 d6 6. e5 Nfd7 7. Bc4 dxe5 8. fxe5 Nc6 9. d4 Nxb4 10. e6 fxe6 11. Bxe6+ Kh8 12. O-O Nf6 13. Ne5 Bxe6 {White resigns} 0-1

[Event "FICS rated lightning game"]
[Site "FICS freechess.org"]
[FICSGamesDBGameNo "20000533"]
[White "Tiberius"]
[Black "lucio"]
[WhiteElo "1613"]
[BlackElo "1681"]
[WhiteRD "na"]
[BlackRD "na"]
[TimeControl "120+0"]
[Date "1999.05.05"]
[Time "10:00:00"]
[WhiteClock "0:02:00.000"]
[BlackClock "0:02:00.000"]
[ECO "B00"]
[PlyCount "62"]
[Result "0-1"]

1. e4 b6 2. d4 Bb7 3. Nc3 Nf6 4. Bd3 h6 5. f4 e6 6. Nf3 Bb4 7. Qe2 d5 8. e5 Nfd7 9. O-O c5 10. a3 Bxc3 11. bxc3 c4 12. f5 cxd3 13. cxd3 Qe7 14. f6 gxf6 15. exf6 Nxf6 16. Ne5 Nbd7 17. a4 Nxe5 18. dxe5 Nd7 19. Ba3 Qg5 20. Qf3 Nxe5 21. Qe2 O-O-O 22. Bd6 Rxd6 23. h4 Qe7 24. Qxe5 Rg8 25. Rf6 Rdd8 26. Raf1 Rdf8 27. Rxh6 Rg7 28. Rhf6 Rfg8 29. R1f2 d4 30. Rxf7 Rxf7 31. Rxf7 Qxf7 {White resigns} 0-1

[Event "FICS rated blitz game"]
[Site "FICS freechess.org"]
[FICSGamesDBGameNo "20000532"]
[White "MartinG"]
[Black "Manhandle"]
[WhiteElo "1653"]
[BlackElo "1822"]
[WhiteRD "na"]
[BlackRD "na"]
[TimeControl "180+0"]
[Date "1999.05.04"]
[Time "20:26:00"]
[WhiteClock "0:03:00.000"]
[BlackClock "0:03:00.000"]
[ECO "B34"]
[PlyCount "52"]
[Result "0-1"]

1. e4 c5 2. Nc3 Nc6 3. Nge2 g6 4. d4 Bg7 5. Be3 cxd4 6. Nxd4 Nf6 7. Nxc6 bxc6 8. e5 Ng8 9. Bd4 e6 10. Ne4 Qa5+ 11. Bc3 Qd5 12. Nd6+ Ke7 13. Qxd5 cxd5 14. Be2 Nh6 15. O-O Nf5 16. Nxc8+ Raxc8 17. Bb4+ d6 18. exd6+ Nxd6 19. c3 Kd7 20. Bxd6 Kxd6 21. Rad1 Rb8 22. Rd2 Rb6 23. Rb1 Rhb8 24. Rc2 a5 25. f4 a4 26. a3 Rb3 {White resigns} 0-1

[Event "FICS rated blitz game"]
[Site "FICS freechess.org"]
[FICSGamesDBGameNo "20000531"]
[White "jter"]
[Black "Zarg"]
[WhiteElo "1247"]
[BlackElo "1293"]
[WhiteRD "na"]
[BlackRD "na"]
[TimeControl "300+12"]
[Date "1999.05.04"]
[Time "15:38:00"]
[WhiteClock "0:05:00.000"]
[BlackClock "0:05:00.000"]
[ECO "C45"]
[PlyCount "190"]
[Result "1/2-1/2"]

1. e4 e5 2. Nf3 Nc6 3. d4 exd4 4. Nxd4 Nxd4 5. Qxd4 d6 6. Nc3 Be7 7. Bc4 Nf6 8. e5 dxe5 9. Qxe5 O-O 10. Bd2 Bd6 11. Qg5 Qe7+ 12. Be3 Be5 13. Na4 Qb4+ 14. c3 Qxc4 15. Qxe5 Re8 16. Qa5 Nd5 17. b3 Qc6 18. O-O-O Nxe3 19. fxe3 Rxe3 20. Rhe1 Rxe1 21. Rxe1 Be6 22. Nc5 b6 23. Qa4 Qxa4 24. Nxa4 h6 25. c4 a5 26. Kd2 Rd8+ 27. Kc3 Bf5 28. Nb2 c5 29. Re5 Be6 30. Na4 Rd6 31. Nb2 g6 32. Nd3 f6 33. Re3 g5 34. Rf3 Kg7 35. Nf2 Kg6 36. Ne4 Rc6 37. Rxf6+ Kg7 38. g4 Bd7 39. Rxc6 Bxc6 40. Nd6 Bf3 41. Nf5+ Kg6 42. Ne3 Kf6 43. Kd3 Ke5 44. h3 Be4+ 45. Kc3 Kf4 46. Nd5+ Kg3 47. Nxb6 Kxh3 48. Na4 Kxg4 49. Nxc5 Bc6 50. Nd3 Kg3 51. b4 axb4+ 52. Nxb4 Bd7 53. c5 h5 54. c6 Be6 55. a4 h4 56. a5 h3 57. a6 h2 58. a7 h1=Q 59. a8=Q Qc1+ 60. Kd4 Qc4+ 61. Ke5 Qxb4 62. Kxe6 Qe4+ 63. Kd7 Qd5+ 64. Kc7 Qe5+ 65. Kc8 Qh8+ 66. Kb7 Qg7+ 67. c7 Qb2+ 68. Kc6 Qc3+ 69. Kd7 Qg7+ 70. Kc6 Qc3+ 71. Kb6 Qb2+ 72. Ka7 Qa1+ 73. Kb8 Qb2+ 74. Qb7 Qe5 75. Qb3+ Kf4 76. Qb4+ Kg3 77. Qb6 g4 78. Kb7 Qe7 79. Qg1+ Kh4 80. Qh2+ Kg5 81. Qh8 Qb4+ 82. Kc8 g3 83. Qd8+ Kg4 84. Qg8+ Kh3 85. Qh7+ Kg2 86. Qc2+ Kh3 87. Qf5+ Kg2 88. Kd8 Qd4+ 89. Qd7 Qh8+ 90. Qe8 Qd4+ 91. Kc8 Kh3 92. Qd7+ Qxd7+ 93. Kxd7 g2 94. c8=Q g1=Q 95. Ke8+ Qg4 {Game drawn by mutual agreement} 1/2-1/2

[Event "FICS rated blitz game"]
[Site "FICS freechess.org"]
[FICSGamesDBGameNo "20000530"]
[White "DGL"]
[Black "OomJan"]
[WhiteElo "1620"]
[BlackElo "1651"]
[WhiteRD "na"]
[BlackRD "na"]
[TimeControl "300+0"]
[Date "1999.05.04"]
[Time "12:01:00"]
[WhiteClock "0:05:00.000"]
[BlackClock "0:05:00.000"]
[ECO "C00"]
[PlyCount "73"]
[Result "1-0"]

1. e4 e6 2. e5 d5 3. exd6 cxd6 4. d4 d5 5. Nf3 Bd6 6. Bd3 Qc7 7. O-O Nf6 8. Nc3 a6 9. Bg5 Nbd7 10. Re1 O-O 11. a4 Bb4 12. Bd2 h6 13. Ne5 Rb8 14. Qf3 Bd6 15. Qg3 Kh8 16. Nxf7+ Rxf7 17. Qg6 Nf8 18. Nxd5 Nxg6 19. Nxc7 Rxc7 20. Bxg6 Bd7 21. c3 Rf8 22. h3 Nd5 23. Bh5 Rf6 24. Re2 Rc8 25. Rae1 Rcf8 26. Bg4 Nf4 27. Bxf4 Bxf4 28. Bxe6 Bxe6 29. Rxe6 Bd2 30. Rxf6 Rxf6 31. Re7 Bg5 32. Rxb7 Bh4 33. g3 Bg5 34. b4 Bc1 35. c4 Bb2 36. d5 Bc3 37. c5 {Black forfeits on time} 1-0

[Event "FICS rated blitz game"]
[Site "FICS freechess.org"]
[FICSGamesDBGameNo "20000529"]
[White "Gebbran"]
[Black "jco"]
[WhiteElo "1652"]
[BlackElo "1612"]
[WhiteRD "na"]
[BlackRD "na"]
[TimeControl "180+0"]
[Date "1999.05.04"]
[Time "11:14:00"]
[WhiteClock "0:03:00.000"]
[BlackClock "0:03:00.000"]
[ECO "B01"]
[PlyCount "54"]
[Result "0-1"]

1. e4 d5 2. exd5 Qxd5 3. Nc3 Qa5 4. d4 Nf6 5. Bd2 Bg4 6. Nf3 Nbd7 7. Bc4 O-O-O 8. Qe2 Qh5 9. a4 e5 10. d5 Bb4 11. a5 e4 12. Nb5 exf3 13. gxf3 Bxf3 14. Nxa7+ Kb8 15. Qe3 Rhe8 16. Rg1 Rxe3+ 17. fxe3 Bxd2+ 18. Kxd2 Ne4+ 19. Kd3 Ndc5+ 20. Kd4 Qh6 21. Bd3 Qf6+ 22. Kc4 Kxa7 23. a6 b6 24. b4 Qc3+ 25. Kb5 Nd6+ 26. Kc6 Nce4+ 27. Bc4 Qxc4# {White checkmated} 0-1

[Event "FICS rated blitz game"]
[Site "FICS freechess.org"]
[FICSGamesDBGameNo "20000528"]
[White "jagran"]
[Black "roylev"]
[WhiteElo "1531"]
[BlackElo "1424"]
[WhiteRD "na"]
[BlackRD "na"]
[TimeControl "240+12"]
[Date "1999.05.04"]
[Time "10:41:00"]
[WhiteClock "0:04:00.000"]
[BlackClock "0:04:00.000"]
[ECO "C01"]
[PlyCount "42"]
[Result "0-1"]

1. e4 e6 2. d4 d5 3. exd5 exd5 4. Nf3 Nc6 5. c3 Nge7 6. Bd3 Ng6 7. Be3 Bd6 8. Nbd2 Nf4 9. Bxf4 Bxf4 10. O-O O-O 11. Qc2 g6 12. Rfe1 Bd7 13. c4 dxc4 14. Bxc4 Na5 15. Bd3 Nc6 16. a3 Rc8 17. Nc4 Bg4 18. Nfe5 Nxd4 19. Qc3 Be6 20. Rad1 c5 21. Be4 Qc7 {White forfeits on time} 0-1

[Event "FICS rated blitz game"]
[Site "FICS freechess.org"]
[FICSGamesDBGameNo "20000527"]
[White "guidog"]
[Black "Benkku"]
[WhiteElo "1792"]
[BlackElo "1634"]
[WhiteRD "na"]
[BlackRD "na"]
[TimeControl "180+2"]
[Date "1999.05.04"]
[Time "08:06:00"]
[WhiteClock "0:03:00.000"]
[BlackClock "0:03:00.000"]
[ECO "A85"]
[PlyCount "52"]
[Result "0-1"]

1. d4 f5 2. c4 e6 3. Nc3 Nf6 4. Nf3 d5 5. Bg5 c6 6. cxd5 exd5 7. e3 Bd6 8. Be2 O-O 9. O-O Qe7 10. Re1 Nbd7 11. Rb1 h6 12. Bh4 Qf7 13. b4 a6 14. a4 g5 15. Bg3 f4 16. exf4 Bxf4 17. Bxf4 gxf4 18. Ne5 Nxe5 19. dxe5 Ne4 20. Nxe4 dxe4 21. Bg4 e3 22. Bxc8 Raxc8 23. Qg4+ Kh7 24. fxe3 fxe3 25. Rxe3 Qf2+ 26. Kh1 Qf1+ {White resigns} 0-1

[Event "FICS rated lightning game"]
[Site "FICS freechess.org"]
[FICSGamesDBGameNo "20000526"]
[White "GrosPion"]
[Black "HellGrande"]
[WhiteElo "1593"]
[BlackElo "1513"]
[WhiteRD "na"]
[BlackRD "na"]
[TimeControl "120+0"]
[Date "1999.05.04"]
[Time "06:18:00"]
[WhiteClock "0:02:00.000"]
[BlackClock "0:02:00.000"]
[ECO "C50"]
[PlyCount "49"]
[Result "1-0"]

1. e4 e5 2. Nf3 Nc6 3. Bc4 d6 4. d4 Bg4 5. Be2 Bxf3 6. Bxf3 Nxd4 7. O-O Qf6 8. Nd2 h5 9. c3 Nc6 10. Qb3 O-O-O 11. Nc4 Nh6 12. Be3 a6 13. Qa4 Ng4 14. Na5 Nxa5 15. Qxa5 Nxe3 16. fxe3 Qh6 17. Rae1 Kb8 18. b4 f6 19. b5 Rd7 20. bxa6 bxa6 21. Qxa6 c6 22. Rb1+ Kc7 23. Qa5+ Kc8 24. Qa8+ Kc7 25. Rb7# {Black checkmated} 1-0

[Event "FICS rated lightning game"]
[Site "FICS freechess.org"]
[FICSGamesDBGameNo "20000525"]
[White "sete"]
[Black "nader"]
[WhiteElo "1786"]
[BlackElo "1821"]
[WhiteRD "na"]
[BlackRD "na"]
[TimeControl "120+0"]
[Date "1999.05.04"]
[Time "04:04:00"]
[WhiteClock "0:02:00.000"]
[BlackClock "0:02:00.000"]
[ECO "D20"]
[PlyCount "61"]
[Result "1-0"]

1. d4 d5 2. c4 dxc4 3. Nc3 Nf6 4. e4 e6 5. Bxc4 Bb4 6. f3 Bxc3+ 7. bxc3 Nxe4 8. fxe4 Qh4+ 9. Kf1 Qxe4 10. Nf3 O-O 11. Bd3 Qg4 12. Ne5 Qh4 13. g3 Qe7 14. Kg2 c5 15. Qh5 g6 16. Qh6 f6 17. Nf3 Bd7 18. Re1 Bc6 19. Be4 Bxe4 20. Rxe4 Nc6 21. Ba3 b6 22. Rae1 Rae8 23. d5 Ne5 24. Nxe5 fxe5 25. Rxe5 Qb7 26. c4 Rf6 27. Bb2 Ref8 28. R5e2 exd5 29. Bxf6 d4+ 30. Kg1 Rxf6 31. Re8+ {Black resigns} 1-0

[Event "FICS rated blitz game"]
[Site "FICS freechess.org"]
[FICSGamesDBGameNo "20000524"]
[White "ouroboros"]
[Black "bulldogg"]
[WhiteElo "1615"]
[BlackElo "1308"]
[WhiteRD "na"]
[BlackRD "na"]
[TimeControl "180+0"]
[Date "1999.05.03"]
[Time "17:16:00"]
[WhiteClock "0:03:00.000"]
[BlackClock "0:03:00.000"]
[ECO "D50"]
[PlyCount "59"]
[Result "1-0"]

1. d4 Nf6 2. c4 e6 3. Nc3 d5 4. Bg5 Bb4 5. a3 Ba5 6. e3 e5 7. dxe5 d4 8. exd4 h6 9. Bh4 g5 10. Bg3 Nfd7 11. Bd3 f6 12. Qh5+ Kf8 13. e6 Bxc3+ 14. bxc3 Rh7 15. Bxh7 Qe7 16. d5 Ne5 17. Bxe5 fxe5 18. Qg6 Qg7 19. Qf5+ Ke7 20. Nf3 e4 21. Nd4 Na6 22. O-O c6 23. Rfe1 cxd5 24. cxd5 Nc5 25. d6+ Kxd6 26. Nb5+ Kc6 27. Nd4+ Kc7 28. Qf7+ Qxf7 29. exf7 Be6 30. Nxe6+ {Black forfeits on time} 1-0

[Event "FICS rated blitz game"]
[Site "FICS freechess.org"]
[FICSGamesDBGameNo "20000523"]
[White "hexs"]
[Black "deroo"]
[WhiteElo "1333"]
[BlackElo "1215"]
[WhiteRD "na"]
[BlackRD "na"]
[TimeControl "180+0"]
[Date "1999.05.03"]
[Time "14:10:00"]
[WhiteClock "0:03:00.000"]
[BlackClock "0:03:00.000"]
[ECO "C41"]
[PlyCount "47"]
[Result "1-0"]

1. e4 e5 2. Nf3 d6 3. Bc4 h6 4. c3 Nf6 5. d4 exd4 6. e5 Ng4 7. h3 Nxe5 8. Nxe5 dxe5 9. Qb3 Qe7 10. O-O Nc6 11. Bd2 a6 12. cxd4 exd4 13. Re1 Ne5 14. Bf4 f6 15. Nd2 c6 16. Nf3 Qd6 17. Nxe5 b5 18. Bf7+ Ke7 19. Ng6+ Kd7 20. Bxd6 Bxd6 21. Qe6+ Kc7 22. Qe4 Rd8 23. Ne7 Bd7 24. Be6 {Black forfeits on time} 1-0

[Event "FICS rated blitz game"]
[Site "FICS freechess.org"]
[FICSGamesDBGameNo "20000522"]
[White "hhex"]
[Black "Lumpy"]
[WhiteElo "1709"]
[BlackElo "1792"]
[WhiteRD "na"]
[BlackRD "na"]
[TimeControl "180+0"]
[Date "1999.05.03"]
[Time "14:03:00"]
[WhiteClock "0:03:00.000"]
[BlackClock "0:03:00.000"]
[ECO "A10"]
[PlyCount "103"]
[Result "1-0"]

1. c4 d5 2. cxd5 Qxd5 3. Nc3 Qa5 4. Nf3 c6 5. d4 Bg4 6. Bd2 e6 7. e3 Nf6 8. Be2 Qd8 9. O-O Be7 10. h3 Bh5 11. Ne5 Bg6 12. Rc1 Nbd7 13. f4 Be4 14. Nxe4 Nxe4 15. Bf3 Nxd2 16. Qxd2 Nxe5 17. fxe5 O-O 18. Be4 Qb6 19. Qc2 g6 20. Qf2 Bg5 21. h4 Bh6 22. g4 Bg7 23. g5 Rac8 24. h5 c5 25. Rc2 cxd4 26. Rxc8 dxe3 27. Rxf8+ Bxf8 28. Qe2 Qc5 29. hxg6 hxg6 30. Bxb7 Qxe5 31. Bg2 Qxg5 32. Qf3 f5 33. Re1 Bc5 34. Re2 e5 35. Qd5+ Kg7 36. Qxc5 e4 37. Qxe3 Qg4 38. Qxa7+ Kh6 39. Qe3+ Kg7 40. Qa7+ Kh6 41. Qf2 Kg5 42. Re3 Kf6 43. Rg3 Qd1+ 44. Kh2 Qh5+ 45. Rh3 Qg5 46. Qg3 Qd2 47. Qd6+ Kg5 48. Rg3+ Kh6 49. Qf8+ Kh7 50. Qf7+ Kh8 51. Rh3+ Qh6 52. Rxh6# {Black checkmated} 1-0

[Event "FICS rated blitz game"]
[Site "FICS freechess.org"]
[FICSGamesDBGameNo "20000521"]
[White "varg"]
[Black "FoxMate"]
[WhiteElo "1879"]
[BlackElo "1770"]
[WhiteRD "na"]
[BlackRD "na"]
[TimeControl "300+0"]
[Date "1999.05.03"]
[Time "13:35:00"]
[WhiteClock "0:05:00.000"]
[BlackClock "0:05:00.000"]
[ECO "B22"]
[PlyCount "58"]
[Result "0-1"]

1. e4 c5 2. c3 d5 3. exd5 Qxd5 4. Nf3 Nf6 5. d4 e6 6. Be2 Nc6 7. O-O cxd4 8. cxd4 Be7 9. Nc3 Qa5 10. Bd2 O-O 11. a3 a6 12. Bc4 Qh5 13. Bg5 h6 14. Bh4 b5 15. Ba2 Bb7 16. Qd3 Rad8 17. Rad1 Nxd4 18. Nxd4 Qxh4 19. Qe3 Ng4 20. Qg3 Qxg3 21. hxg3 Bc5 22. Nxe6 Rxd1 23. Nxd1 fxe6 24. Bxe6+ Kh8 25. Bxg4 Rd8 26. Ne3 Rd2 27. b4 Bxe3 28. fxe3 Rxg2+ 29. Kh1 Rxg3+ {White resigns} 0-1

[Event "FICS rated blitz game"]
[Site "FICS freechess.org"]
[FICSGamesDBGameNo "20000520"]
[White "Lader"]
[Black "hinders"]
[WhiteElo "1352"]
[BlackElo "1208"]
[WhiteRD "na"]
[BlackRD "na"]
[TimeControl "180+0"]
[Date "1999.05.03"]
[Time "06:23:00"]
[WhiteClock "0:03:00.000"]
[BlackClock "0:03:00.000"]
[ECO "C50"]
[PlyCount "63"]
[Result "1-0"]

1. e4 e5 2. Nf3 Nc6 3. Bc4 Qf6 4. Nc3 Qg6 5. d3 Qxg2 6. Bxf7+ Kxf7 7. Rg1 Qh3 8. Ng5+ Ke8 9. Nxh3 d6 10. Nd5 Bxh3 11. Nxc7+ Kd7 12. Nxa8 Nf6 13. Qf3 Be6 14. c3 Be7 15. Bg5 Rxa8 16. Bxf6 gxf6 17. Rg7 Kc7 18. O-O-O Re8 19. Rxh7 Kb8 20. Kb1 Na5 21. d4 Nc4 22. d5 Bd7 23. b3 Na5 24. Qh5 Rc8 25. Rxe7 Bb5 26. Qf7 Ka8 27. b4 Nc4 28. Rxb7 Na3+ 29. Kb2 Nc4+ 30. Kb3 a6 31. Ra7+ Kb8 32. Qb7# {Black checkmated} 1-0

[Event "FICS rated blitz game"]
[Site "FICS freechess.org"]
[FICSGamesDBGameNo "20000518"]
[White "pixelhead"]
[Black "inf"]
[WhiteElo "1440"]
[BlackElo "1434"]
[WhiteRD "na"]
[BlackRD "na"]
[TimeControl "180+12"]
[Date "1999.05.02"]
[Time "19:42:00"]
[WhiteClock "0:03:00.000"]
[BlackClock "0:03:00.000"]
[ECO "D00"]
[PlyCount "63"]
[Result "1-0"]

1. d4 d5 2. e3 f5 3. f4 e6 4. Nf3 Nf6 5. Nbd2 Nbd7 6. Bd3 c5 7. c3 c4 8. Bc2 Ng4 9. Qe2 Ndf6 10. O-O Be7 11. Ne5 Nxe5 12. fxe5 Nd7 13. g4 g6 14. gxf5 gxf5 15. Qh5+ Kf8 16. e4 Qe8 17. Qh6+ Kg8 18. exf5 exf5 19. Bxf5 Nf8 20. Bxc8 Rxc8 21. Kh1 Rc6 22. Qh3 Rg6 23. Nf3 Qb5 24. Nh4 Bxh4 25. Qxh4 Qd7 26. Bh6 Ne6 27. Rg1 Qf7 28. Raf1 Qe8 29. Rf6 Rxg1+ 30. Kxg1 Qd7 31. Qg4+ Ng7 32. Qxd7 {Black resigns} 1-0